cohdb
Replays
Latest Replays
All Replays
Popular Replays
Top Player Replays
Match Explorer
How It Works
Community
CoH3 Stats
Reddit
Sign in to upload your games and track your stats! →
Sign in with Steam
Match 44663518
Unlisted
Match 44663518
Overview
Messages
Build Orders
End
Construct Infanterie Kompanie
Pioneer Squad
MG 42 Machine Gun Team
Grenadier Squad
MG 42 Machine Gun Team
GrW 34 Mortar Team
Construct Luftwaffe Kompanie
Jäger Squad
Jäger Squad
MessersCHmitt
oAOMJKUAkcg0
sdh4100
牧目漁洋雨
CDI
McLovin
This Sly Moose
samuraixkan
0
0
Comments
sign in to comment!
No comments posted yet!